Unix NetHack Version 3.7.0-58 Work-in-progress - last build May 9 2022 01:57:28 (68cf6e19034123fb635188453c0de67a0aba65fd,branch:master). Game began 2022-05-13 10:13:11, ended 2022-05-13 10:21:18. Arasaka, neutral female gnomish Healer -- --. |... .... ....-- -..r.. .....- -..... |...... -...... ......- --- |...h---.-- -.@....| ----...-- ---.....---- -- |..........| |.............--- --.........*....| ----........<..| ------.|.|.-- ------- Arasaka the Rhizotomist St:7 Dx:8 Co:16 In:14 Wi:15 Ch:16 Neutral Dlvl:4 $:2005 HP:0(12) Pw:6(7) AC:8 Xp:1/4 T:1047 Latest messages: It misses the dwarf. It misses the dwarf. Korone misses the dwarf. Korone misses the dwarf. Korone misses the dwarf. Korone misses the dwarf. Korone bites the dwarf. The dwarf is killed! There are several objects here. There is a dwarf corpse here; eat it? [ynq] (n) This dwarf corpse tastes okay. You finish eating the dwarf corpse. A giant rat suddenly appears! Korone misses the giant rat. Korone drops a rock. Korone bites the giant rat. The giant rat misses Korone. A board beneath the giant rat squeaks a B flat loudly. Korone bites the giant rat. The giant rat misses Korone. You hit the giant rat. Korone picks up a rock. Korone bites the giant rat. The giant rat is killed! A board beneath the giant rat squeaks a B flat loudly. Korone bites the giant rat. You miss the giant rat. You hit the giant rat. Korone misses the giant rat. You miss the giant rat. The giant rat bites! Korone misses the giant rat. Korone drops a rock. Korone misses the giant rat. You miss the giant rat. The giant rat bites! Korone bites the giant rat. The giant rat is killed! Korone grows up into a large dog. You see here a rock. Where do you want to travel to? (For instructions type a '?') A board beneath Korone squeaks a G sharp loudly. You descend the stairs. You see here 10 rocks. The hobbit wields a dagger! You miss the hobbit. The hobbit thrusts his dagger. The hobbit hits! You die... Major events: Turn 1: Arasaka the neutral female gnomish Healer entered the dungeon 435: entered the Gnomish Mines 1047: killed by a hobbit Inventory: Coins ('$') $ - 2005 gold pieces Weapons (')') u - an uncursed +0 dagger n - an uncursed +0 spear (weapon in hand) Armor ('[') b - an uncursed +1 pair of leather gloves (being worn) Comestibles ('%') j - 6 uncursed apples Rings ('=') r - an uncursed ring of shock resistance Wands ('/') f - a blessed wand of sleep (0:5) t - an uncursed wand of speed monster (0:0) v - an uncursed wand of striking (0:5) Tools ('(') z - an uncursed sack containing 10 items s - an uncursed brass lantern c - an uncursed stethoscope Contents of the sack: a cursed scroll of blank paper an uncursed scroll of create monster an uncursed scroll of enchant weapon a blessed spellbook of extra healing a blessed spellbook of healing an uncursed spellbook of remove curse named !C a blessed spellbook of stone to flesh 4 uncursed potions of extra healing 4 uncursed potions of healing an uncursed chrysoberyl stone Arasaka the Healer's attributes: Background: You were a Rhizotomist, a level 1 female gnomish Healer. You were neutral, nominally on a mission for Hermes who was opposed by Athena (lawful) and Poseidon (chaotic). You were in the Gnomish Mines, on level 4. You entered the dungeon 1047 turns ago. Bad things happened on Friday the 13th. You had 4 experience points, 16 more were needed to attain level 2. Basics: You had 0 out of 12 hit points. You had 6 out of 7 energy points (spell power). Your armor class was 8. Your wallet contained 2005 zorkmids. Autopickup was on for '$"?' plus thrown, with exceptions. Final Characteristics: Your strength was 7 (limit:18/50). Your dexterity was 8 (limit:18). Your constitution was 16 (limit:18). Your intelligence was 14 (limit:19). Your wisdom was 15 (limit:18). Your charisma was 16 (limit:18). Final Status: You were not hungry. You were unencumbered. You were wielding a spear. You were unskilled in spear. Final Attributes: You were fervently aligned. You were poison resistant. You had infravision. You were fast. You were unlucky. You are dead. Miscellaneous: You disabled loading of bones levels. Total elapsed playing time was 8 minutes and 6 seconds. Vanquished creatures: 3 dwarves an acid blob 2 hobbits 4 giant rats 2 gnomes 2 geckos a jackal a sewer rat 4 grid bugs a lichen 6 newts 27 creatures vanquished. No species were genocided or became extinct. Voluntary challenges: You were an atheist. You read items or engraved 4 times. You never engraved Elbereth. You never genocided any monsters. You never polymorphed an object. You never changed form. You used no wishes. Achievement: You entered the Gnomish Mines. The Dungeons of Doom: levels 1 to 3 Level 1: "v" A fountain. Level 2: Stairs down to The Gnomish Mines. Level 3: A sink. The Gnomish Mines: levels 3 to 4 Level 3: Level 4: <- You were here. Final resting place for you, killed by a hobbit. Game over: ---------- / \ / REST \ / IN \ / PEACE \ / \ | Arasaka | | 2005 Au | | killed by a | | hobbit | | | | | | 2022 | *| * * * | * _________)/\\_//(\/(/\)/\//\/|_)_______ Goodbye Arasaka the Healer... You died in The Gnomish Mines on dungeon level 4 with 184 points, and 2005 pieces of gold, after 1047 moves. You were level 1 with a maximum of 12 hit points when you died.